AoeStats
← zamithdaniel

Arena

507157660Analyzed
2v2 RM · 17d ago on Sep 16, 2026· 36m 14s· 4 players
Game mode
Random Map
Map size
Medium (4 player)
Population
200
Speed
Normal
Resources
Standard
Victory
Conquest
Starting age
Dark Age
Ending age
Imperial Age
RankedLock teamsTeams togetherTeam positionsShared explorationLock speedFull tech treeHidden civsTurbo modeCheats
Victory
Defeat
🇦🇷 Britons · Argentina
1017
+19
🇨🇴 Celts · Colombia
937
+21
🇺🇸 Bohemians · United States
1070
-20
🇺🇸 Byzantines · United States
1066
-20
Carozzoo
12:04 Feudal Age
16:31 Castle Age
14:17 Double-Bit Axe
14:12 Horse Collar
15:11 Gold Mining
17:46 Bow Saw
18:30 Wheelbarrow
18:43 Heavy Plow
20:46 Gold Shaft Mining
20:39 Loom
21:45 Stone Mining
23:11 Hand Cart
28:04 Fletching
27:39 Crossbowman
28:41 Elite Skirmisher
29:22 Loom
30:02 Padded Archer Armor
30:15 Masonry
30:38 Fortified Wall
30:44 Pikeman
33:51 Ballistics
33:49 Leather Archer Armor
zamithdaniel
11:08 Feudal Age
11:37 Double-Bit Axe
11:34 Horse Collar
19:25 Castle Age
18:08 Forging
17:56 Stone Mining
18:12 Scale Mail Armor
19:05 Forging
19:45 Gold Mining
21:54 Heavy Plow
27:30 Fletching
LtPeppersYo
9:42 Loom
11:41 Feudal Age
16:39 Castle Age
15:30 Double-Bit Axe
16:28 Horse Collar
16:47 Gold Mining
18:27 Bow Saw
23:17 Wheelbarrow
22:28 Loom
22:50 Elite Skirmisher
25:10 Forging
25:02 Padded Archer Armor
26:57 Heavy Plow
27:55 Leather Archer Armor
27:46 Scale Barding Armor
30:17 Hand Cart
30:41 Iron Casting
LtArtemisYo
11:07 Feudal Age
15:16 Castle Age
13:26 Double-Bit Axe
16:22 Bow Saw
18:03 Loom
21:24 Wheelbarrow
22:24 Redemption
23:00 Hand Cart
22:36 Horse Collar
30:02 Imperial Age
35:54 Chemistry
Connection lost

Rejoining the realm…

Still unreachable

The connection could not be restored.

Session expired

The server has moved on; the page needs a fresh start.